Map: Coda LE

Players

Kresh - Winner!

  • Race: Protoss Protoss
  • League: Silver
  • Spawn Location: 11:00

micDElero

  • Race: Protoss Protoss
  • League: Platinum
  • Spawn Location: 5:00

VOD

Have the link to the VOD?

Description

Zealot Archon

Time

  • Played on: Oct. 15, 2016, 6:06 p.m.
  • Length: 11:37
Show
View Real Time Build Order
Export as new Build Order

Kresh Protoss - Winner!

Build Orders: Zealot Archon 

Get SALT Encoding   

  12  0:01  Probe (Chrono Boost)  
  13  0:19  Pylon  
  13  0:25  Assimilator  
  13  0:27  Probe (Chrono Boost)  
  14  0:42  Gateway  
  14  0:47  Probe (Chrono Boost)  
  15  0:56  Assimilator  
  15  0:58  Probe (Chrono Boost)  
  17  1:25  Probe (Chrono Boost)  
  17  1:32  Cybernetics Core  
  17  1:36  Probe (Chrono Boost)  
  17  1:37  Pylon  
  18  1:50  Probe (Chrono Boost)  
  21  2:01  Probe (Chrono Boost)  
  20  2:08  Stalker  
  20  2:12  Mothership Core (Chrono Boost)  
  24  2:26  Twilight Council  
  24  2:32  Probe (Chrono Boost)  
  25  2:40  Pylon  
  25  2:43  Probe (Chrono Boost)  
  26  2:51  Stalker  
  26  2:53  Probe (Chrono Boost)  
  29  3:12  Templar Archives  
  29  3:16  Probe (Chrono Boost)  
  30  3:23  Zealot  
  32  3:39  Nexus  
  32  3:42  Probe (Chrono Boost)  
  33  3:52  Probe (Chrono Boost)  
  34  4:03  Gateway  
  34  4:05  Probe (Chrono Boost)  
  35  4:11  Pylon  
  35  4:14  High Templar  
  37  4:23  Warp Gate  
  37  4:26  Probe (Chrono Boost)  
  38  4:48  High Templar  
  38  4:51  Gateway  
  38  4:52  Gateway  
  40  5:02  Zealot  
  40  5:04  Probe (Chrono Boost)  
  40  5:05  Probe (Chrono Boost)  
  44  5:08  Assimilator  
  44  5:11  Assimilator  
  44  5:15  Probe (Chrono Boost)  
  44  5:17  Probe (Chrono Boost)  
  46  5:26  Probe (Chrono Boost)  
  48  5:30  Probe (Chrono Boost)  
  48  5:34  Charge  
  48  5:38  High Templar  
  48  5:43  High Templar  
  48  5:44  Zealot x2  
  56  5:59  Probe x2 (Chrono Boost)  
  56  6:03  Archon  
  58  6:21  Robotics Facility  
  58  6:28  Archon  
  60  6:34  Probe x2 (Chrono Boost)  
  60  6:40  Pylon  
  60  6:43  Pylon  
  62  6:55  Probe x2 (Chrono Boost)  
  62  7:00  Zealot x3  
  62  7:01  Zealot  
  70  7:09  Observer  
  71  7:24  Probe (Chrono Boost)  
  71  7:25  High Templar x2  
  71  7:26  Probe (Chrono Boost)  
  77  7:32  Nexus  
  77  7:33  Pylon  
  77  7:35  Pylon  
  77  7:40  Pylon  
  77  7:42  Archon  
  77  7:54  Probe (Chrono Boost)  
  77  7:56  Probe (Chrono Boost)  
  79  7:58  High Templar  
  79  7:59  Immortal, High Templar x2  
  79  8:00  High Templar  
  79  8:02  Pylon  
  91  8:06  Pylon  
  91  8:09  Pylon  
  91  8:11  Archon  
  91  8:12  Archon  
  91  8:33  Zealot x3  
  91  8:34  Zealot  
  99  8:35  Immortal  
  103  8:47  Probe x2 (Chrono Boost)  
  106  8:49  Probe (Chrono Boost)  
  106  8:56  Gateway  
  106  8:57  Gateway  
  106  8:59  Gateway  
  106  9:01  Gateway  
  106  9:03  Pylon  
  106  9:05  Pylon  
  106  9:08  Probe x2 (Chrono Boost)  
  106  9:09  Probe (Chrono Boost)  
  109  9:10  High Templar  
  109  9:11  High Templar x3, Assimilator  
  117  9:23  Archon x2  
  117  9:30  Immortal  
  99  9:44  Zealot  
  99  9:45  Zealot x3  
  97  9:59  Probe (Chrono Boost)  
  99  10:00  Probe (Chrono Boost)  
  99  10:01  Probe (Chrono Boost)  
  100  10:07  Assimilator  
  100  10:11  Zealot x2  
  100  10:12  Immortal, Zealot x4  
  100  10:13  Zealot x2  
  120  10:29  Probe (Chrono Boost)  
  120  10:30  Probe (Chrono Boost), Forge  
  120  10:31  Probe (Chrono Boost)  
  123  10:46  Zealot  
  123  10:47  Zealot x4  
  123  10:49  High Templar, Zealot  
  137  10:50  High Templar  
  137  10:54  Immortal  
  139  11:02  Archon  
  143  11:15  Probe x2 (Chrono Boost)  
  143  11:16  Probe (Chrono Boost)  
  143  11:18  Zealot x3  
  148  11:19  Zealot x2  
Show
View Real Time Build Order
Export as new Build Order

micDElero Protoss 

Build Orders: Zealot Archon 

Get SALT Encoding   

  12  0:00  Probe (Chrono Boost)  
  13  0:11  Probe (Chrono Boost)  
  14  0:18  Pylon  
  14  0:22  Probe (Chrono Boost)  
  15  0:36  Probe (Chrono Boost)  
  15  0:38  Gateway  
  16  0:46  Probe (Chrono Boost)  
  18  0:57  Probe (Chrono Boost), Assimilator  
  18  0:59  Assimilator  
  18  1:07  Probe (Chrono Boost)  
  19  1:18  Probe (Chrono Boost)  
  20  1:20  Gateway  
  20  1:30  Pylon  
  20  1:31  Probe (Chrono Boost)  
  21  1:46  Probe (Chrono Boost)  
  22  1:51  Cybernetics Core  
  22  1:57  Probe (Chrono Boost)  
  23  2:07  Probe (Chrono Boost)  
  24  2:25  Nexus  
  24  2:28  Warp Gate  
  24  2:29  Stalker  
  26  2:38  Stalker  
  28  2:51  Probe (Chrono Boost)  
  28  2:54  Pylon  
  28  3:04  Stalker  
  30  3:08  Probe (Chrono Boost)  
  31  3:14  Stalker  
  34  3:20  Probe (Chrono Boost)  
  34  3:22  Pylon  
  34  3:32  Probe (Chrono Boost)  
  35  3:39  Mothership Core (Chrono Boost)  
  37  3:44  Probe (Chrono Boost), Twilight Council  
  39  3:56  Probe (Chrono Boost)  
  39  3:57  Probe (Chrono Boost)  
  39  4:02  Robotics Facility  
  40  4:08  Probe (Chrono Boost)  
  43  4:12  Probe (Chrono Boost)  
  46  4:17  Charge  
  46  4:20  Probe (Chrono Boost)  
  46  4:22  Probe (Chrono Boost)  
  45  4:33  Probe x2 (Chrono Boost)  
  46  4:41  Assimilator  
  46  4:43  Probe (Chrono Boost)  
  46  4:44  Assimilator  
  46  4:45  Probe (Chrono Boost)  
  48  4:50  Observer  
  49  4:53  Stalker x2  
  49  4:54  Probe (Chrono Boost)  
  49  4:57  Probe (Chrono Boost)  
  55  5:00  Pylon  
  55  5:04  Probe (Chrono Boost)  
  56  5:09  Probe (Chrono Boost)  
  57  5:15  Probe (Chrono Boost), Pylon  
  57  5:20  Observer  
  60  5:21  Probe (Chrono Boost)  
  60  5:24  Templar Archives  
  60  5:28  Probe (Chrono Boost)  
  61  5:31  Zealot x2  
  61  5:33  Probe (Chrono Boost)  
  66  5:38  Probe (Chrono Boost)  
  67  5:45  Probe (Chrono Boost)  
  67  5:46  Observer  
  67  5:49  Probe (Chrono Boost)  
  71  5:57  Probe (Chrono Boost)  
  71  5:59  Probe (Chrono Boost)  
  71  6:00  Stalker x2  
  76  6:10  Probe x2 (Chrono Boost)  
  78  6:14  Nexus  
  78  6:15  Blink  
  78  6:16  Pylon  
  78  6:18  Pylon  
  78  6:20  Forge  
  78  6:25  Forge  
  78  6:33  Pylon  
  78  6:34  Probe (Chrono Boost)  
  78  6:35  Pylon  
  78  6:36  Probe (Chrono Boost)  
  78  6:37  High Templar x2  
  84  6:42  Archon  
  84  6:45  Probe (Chrono Boost)  
  86  6:48  Probe (Chrono Boost)  
  86  6:50  Observer, Gateway  
  86  6:51  Gateway  
  87  6:55  Probe (Chrono Boost)  
  87  7:00  Probe (Chrono Boost)  
  89  7:06  Probe (Chrono Boost), Gateway  
  89  7:07  Gateway  
  89  7:08  Protoss Ground Armor Level 1, Protoss Ground Weapons Level 1  
  90  7:11  High Templar x2  
  90  7:12  Probe (Chrono Boost)  
  90  7:15  Archon  
  95  7:19  Probe (Chrono Boost)  
  96  7:24  Probe (Chrono Boost)  
  96  7:29  Warp Prism  
  100  7:31  Probe (Chrono Boost)  
  100  7:34  Assimilator  
  100  7:37  Probe x2 (Chrono Boost), Assimilator  
  101  7:43  Probe (Chrono Boost)  
  103  7:49  Probe (Chrono Boost)  
  104  7:52  High Templar x3  
  104  7:55  High Templar  
  104  7:56  Archon  
  112  7:59  Archon  
  112  8:12  Probe (Chrono Boost)  
  115  8:14  Probe x2 (Chrono Boost)  
  115  8:22  Nexus  
  115  8:24  Pylon  
  115  8:26  Probe (Chrono Boost)  
  116  8:28  Pylon  
  116  8:30  Gateway  
  116  8:31  Gateway  
  116  8:32  Zealot x4  
  124  8:37  Pylon  
  124  8:44  Probe (Chrono Boost)  
  124  8:46  Probe x2 (Chrono Boost)  
  127  8:55  Probe (Chrono Boost)  
  128  8:56  Zealot x6  
  128  8:58  Probe (Chrono Boost)  
  128  9:02  Protoss Ground Weapons Level 2  
  141  9:04  Protoss Ground Armor Level 2  
  141  9:25  Gateway  
  141  9:27  Zealot x2, Pylon  
  141  9:28  Zealot x4, Gateway  
  141  9:29  Pylon  
  141  9:30  Gateway x2  
  141  9:31  Pylon  
  115  9:42  High Templar  
  115  9:43  High Templar  
  115  9:45  Probe x2 (Chrono Boost)  
  109  9:46  Probe x2 (Chrono Boost)  
  104  9:55  Probe (Chrono Boost)  
  104  9:56  Probe (Chrono Boost)  
  104  9:58  Probe x2 (Chrono Boost)  
  108  10:19  Robotics Facility  
  108  10:20  Immortal, Robotics Facility  
  112  10:22  Robotics Facility  
  112  10:24  Nexus  
  112  10:26  Pylon  
  112  10:27  Archon  
  112  10:28  Pylon  
  104  10:36  Assimilator x2  
  104  10:41  Dark Shrine  
  96  10:50  Gateway  
  96  10:51  Probe x2 (Chrono Boost), Gateway  
  96  10:52  Probe (Chrono Boost)  
  96  10:53  Probe (Chrono Boost), Gateway  
  96  10:55  Gateway  
  100  11:02  Stalker x2  
  100  11:03  Stalker x6  
Tags
 
Add a new tag
Caveats
  • Supply blocks, unpowered buildings, or Contaminate may cause inaccurate times.
  • Supply counts are checked every 10 seconds.